Map: Rak'Shir na Slayn

Players

Łukasz

  • Race: Protoss Protoss
  • Spawn Location: 11:00

Legol

  • Race: Terran Terran
  • League: Gold

VOD

Have the link to the VOD?

Description

Time

  • Played on: Jan. 4, 2020, 9:40 a.m.
  • Length: 26:54
Show
View Real Time Build Order
Export as new Build Order

Łukasz Protoss 

Build Orders:  

Get SALT Encoding   

  12  0:04  Probe (Chrono Boost)  
  13  0:18  Probe (Chrono Boost)  
  14  0:32  Probe (Chrono Boost)  
  15  1:03  Pylon  
  15  1:15  Assimilator  
  15  1:27  Probe (Chrono Boost)  
  16  1:41  Probe (Chrono Boost)  
  17  1:55  Probe (Chrono Boost)  
  18  2:01  Gateway  
  18  2:08  Pylon  
  18  2:09  Probe (Chrono Boost)  
  19  2:13  Pylon  
  19  2:18  Pylon  
  19  2:20  Assimilator  
  19  2:23  Probe (Chrono Boost)  
  20  2:37  Probe (Chrono Boost)  
  20  2:39  Forge  
  21  2:50  Probe (Chrono Boost)  
  22  3:04  Probe (Chrono Boost)  
  23  3:10  Zealot  
  23  3:18  Probe (Chrono Boost)  
  26  3:32  Probe (Chrono Boost)  
  27  3:43  Gateway  
  27  3:46  Probe (Chrono Boost), Cybernetics Core  
  28  4:10  Protoss Ground Weapons Level 1  
  28  4:24  Pylon  
  28  4:28  Pylon  
  28  4:32  Pylon  
  28  5:07  Probe (Chrono Boost)  
  29  5:31  Twilight Council  
  29  5:33  Gateway  
  29  5:36  Gateway  
  29  5:38  Gateway  
  29  5:39  Pylon  
  29  5:48  Pylon  
  29  5:52  Pylon  
  29  5:56  Pylon  
  29  6:01  Pylon  
  29  6:35  Robotics Facility  
  29  6:45  Pylon  
  29  6:49  Pylon  
  29  6:52  Dragoon x2  
  29  6:53  Pylon  
  29  6:55  Dragoon  
  29  8:08  Zealot x3  
  29  8:09  Zealot x2  
  37  8:10  Zealot x2  
  37  8:11  Zealot  
  43  8:54  Zealot  
  45  9:27  Immortal  
  49  9:35  Protoss Ground Weapons Level 2  
  49  9:53  Pylon  
  49  9:54  Pylon  
  49  9:57  Pylon  
  41  10:21  Immortal  
  45  10:35  Probe (Chrono Boost)  
  46  10:42  Dragoon  
  46  10:43  Dragoon x2  
  46  10:44  Dragoon  
  46  10:46  Dragoon  
  46  10:49  Dragoon  
  57  11:06  Probe (Chrono Boost)  
  58  11:16  Observer  
  57  11:44  Dragoon  
  57  11:45  Dragoon  
  57  11:46  Dragoon  
  57  11:48  Dragoon  
  57  11:49  Dragoon  
  67  12:11  Charge  
  67  12:59  Nexus  
  67  13:18  Assimilator  
  67  13:22  Assimilator  
  59  14:13  Singularity Charge  
  59  14:17  Protoss Ground Weapons Level 3  
  59  14:25  Dragoon x2  
  59  14:26  Dragoon  
  65  14:34  Immortal  
  69  14:41  Probe (Chrono Boost)  
  70  14:55  Probe (Chrono Boost)  
  71  15:09  Probe (Chrono Boost)  
  67  15:23  Probe (Chrono Boost)  
  67  15:29  Immortal  
  72  15:44  Dragoon  
  72  15:45  Dragoon x2  
  72  15:46  Dragoon  
  72  15:47  Zealot  
  72  15:49  Zealot  
  84  15:50  Zealot  
  86  16:03  Pylon  
  86  16:07  Probe (Chrono Boost)  
  87  16:21  Probe (Chrono Boost)  
  66  17:34  Probe (Chrono Boost)  
  66  17:35  Pylon  
  66  17:39  Pylon  
  67  17:46  Pylon  
  67  17:47  Probe (Chrono Boost)  
  66  17:50  Gateway  
  66  17:53  Gateway  
  66  18:01  Probe (Chrono Boost)  
  67  18:15  Probe (Chrono Boost)  
  68  18:29  Probe (Chrono Boost)  
  69  19:34  Probe (Chrono Boost)  
  70  19:48  Probe (Chrono Boost)  
  71  19:54  Dragoon x2  
  71  19:55  Zealot x2  
  71  19:56  Zealot x2  
  71  19:57  Zealot  
  71  19:58  Zealot x2  
  89  20:00  Zealot  
  89  20:01  Zealot x2  
  89  20:02  Probe (Chrono Boost), Zealot  
  89  20:03  Zealot x2  
  89  20:04  Zealot x2  
  89  20:05  Zealot  
  89  20:06  Zealot  
  89  20:07  Dragoon  
  89  20:08  Dragoon  
  114  20:16  Probe (Chrono Boost)  
  115  20:21  Protoss Shields Level 1  
  115  20:26  Whirlwind  
  115  20:30  Probe (Chrono Boost)  
  114  21:08  Immortal  
  106  21:16  Probe (Chrono Boost)  
  93  21:30  Probe (Chrono Boost)  
  94  21:44  Probe (Chrono Boost)  
  95  21:58  Probe (Chrono Boost), Trillic Compresion Mesh  
  96  22:03  Immortal  
  100  22:12  Probe (Chrono Boost)  
  101  22:25  Zealot  
  101  22:26  Zealot  
  101  22:27  Zealot x2  
  109  22:55  Probe (Chrono Boost)  
  109  22:58  Immortal  
  114  23:08  Protoss Shields Level 2  
  114  23:09  Probe (Chrono Boost)  
  113  24:04  Robotics Bay  
  113  24:08  Stargate  
  113  24:13  Templar Archives  
  113  24:31  Dragoon x3  
  113  24:33  Dragoon  
  113  24:34  Zealot x2  
  113  24:35  Zealot x2  
  113  24:36  Zealot  
  113  24:37  Zealot  
  113  24:39  Zealot  
  135  24:40  Zealot x2  
  135  24:41  Zealot x2  
  135  24:42  Zealot  
  135  24:43  Zealot  
  135  24:44  Zealot  
  135  24:45  Zealot  
  135  24:46  Zealot  
  135  24:48  Dragoon  
  155  25:17  Zealot  
  155  25:18  Zealot  
  155  25:19  Dragoon x2  
  159  25:20  Dragoon  
  159  25:21  Dragoon  
  159  25:23  Dragoon  
  137  25:55  Zealot  
  137  25:56  Zealot x2  
  143  26:14  Fleet Beacon  
Show
View Real Time Build Order
Export as new Build Order

Legol Terran 

Build Orders:  

Get SALT Encoding   

  12  0:03  SCV  
  13  0:20  SCV  
  13  0:25  Refinery  
  14  0:37  SCV  
  15  0:54  SCV  
  15  0:56  Engineering Bay  
  16  1:11  SCV  
  17  1:28  SCV  
  18  1:30  Gunslingers Hideout  
  18  1:45  SCV  
  19  1:52  Refinery  
  19  1:56  Outlaw Weapons Level 1  
  19  2:02  SCV  
  20  2:14  Muscle Armory  
  20  2:19  SCV  
  21  2:35  SCV  
  22  2:46  Engineering Bay  
  22  2:52  SCV  
  23  3:00  Fixers Safehouse  
  23  3:01  Tychus  
  23  3:09  SCV  
  24  3:26  SCV  
  24  3:27  Outlaw Life and Armor Level 1  
  25  3:43  SCV  
  26  3:51  Medivac Platform  
  26  4:00  SCV  
  27  4:17  SCV  
  28  4:35  James Sirius Sykes  
  38  4:48  SCV  
  39  5:05  SCV  
  40  5:22  SCV  
  41  5:34  Medivac Platform  
  41  6:07  Command Center  
  41  6:19  Medivac Platform  
  41  6:23  Outlaw Weapons Level 2  
  41  6:34  SCV  
  42  6:50  SCV  
  43  7:07  SCV  
  44  7:24  SCV  
  45  7:41  SCV  
  46  7:58  SCV  
  47  8:13  Lt Layna Nikara  
  47  8:15  SCV  
  58  8:25  SCV  
  59  8:32  SCV  
  60  8:42  SCV  
  60  8:49  SCV  
  62  8:59  Outlaw Weapons Level 3, SCV  
  63  9:04  Outlaw Life and Armor Level 2  
  63  9:06  SCV  
  64  9:16  SCV  
  65  9:21  Refinery x2  
  65  9:23  SCV  
  66  9:33  SCV  
  67  9:40  SCV  
  60  9:50  SCV  
  69  10:24  KD9a Implosion Core  
  69  10:25  Vanadium Shell  
  69  10:28  SCV  
  69  10:29  SCV  
  71  10:41  Auto-Turret  
  71  10:42  Auto-Turret  
  71  10:44  Auto-Turret  
  71  11:28  Miles Blaze Lewis  
  81  12:17  Umojan Repair Nanites  
  81  12:30  Engineering Bay x2  
  81  12:56  Auto-Turret x3  
  81  12:57  Auto-Turret x2  
  81  12:58  Auto-Turret  
  81  14:23  Procyon Serum, Procyon Twin Heal Beam Gauntlet  
  81  14:26  High Capacity Containers  
  81  14:31  Outlaw Weapons Level 4  
  81  14:42  Outlaw Life and Armor Level 3  
  81  16:00  Kev Rattlesnake West  
  91  16:20  Auto-Turret x3  
  91  16:23  Auto-Turret x2  
  91  17:13  Wildflame Fuel Additives, Hades Oil  
  91  17:22  Flashforce GDM Visor  
  91  17:23  ITC-E Triggers  
  91  19:18  Moebius Aggression Blend, Umojan Signal Modulator  
  91  19:19  Secret Stash Stimpack  
  91  19:22  Kel-Morian Ripper Rounds  
  91  19:24  SA-55 Thunderbolt Missiles  
  91  19:30  Big Red Button  
  91  19:54  Outlaw Weapons Level 5  
  91  20:02  Outlaw Life and Armor Level 4  
  91  20:38  Endurance Supplements  
  91  20:59  Moebius M34 Terror Rounds  
  91  21:52  XCMC-670 Combat Suit  
  91  21:57  D99 Detonator  
  91  23:17  SureShot Networked Helmet  
  91  23:26  Outlaw Life and Armor Level 5  
  91  24:32  Umojan Turret Frame  
  91  26:14  Hammer Munitions  
  91  26:18  XM-77 Matrix Generator  
Tags
 
Add a new tag
Caveats
  • Supply blocks, unpowered buildings, or Contaminate may cause inaccurate times.
  • Supply counts are checked every 10 seconds.